 Dungeon Crawl Stone Soup version 0.18.1-5-g4a78601 (webtiles) character file.

3931 PossumBlood the Carver (level 10, 0/70 HPs)
             Began as a Human Fighter on May 10, 2016.
             Was an Elder of Okawaru.
             Slain by PossumBlood's ghost (16 damage)
             ... on level 9 of the Dungeon.
             The game lasted 00:18:32 (7776 turns).

PossumBlood the Carver (Human Fighter)              Turns: 7776, Time: 00:18:32

Health: 0/70       AC: 17    Str: 20    XL:     10   Next: 44%
Magic:  8/10       EV: 10    Int:  9    God:    Okawaru [****..]
Gold:   621        SH: 11    Dex: 12    Spells: 0 memorised, 9 levels left

rFire  . . .     SeeInvis .     a - +3 long sword
rCold  . . .     Gourm    .     q - +0 pearl dragon armour
rNeg   + . .     Faith    .     c - +0 shield
rPois  +         Spirit   .     (no helmet)
rElec  .         Dismiss  .     j - +0 cloak
rCorr  .         Reflect  .     O - +0 pair of gloves
SustAt .         Harm     .     i - +0 pair of boots
MR     .....                    (no amulet)
Stlth  ++........               B - ring of stealth
                                y - ring of poison resistance

@: heroism, not resistant to hostile enchantments, unstealthy
A: no striking features
a: Heroism, Renounce Religion


You were on level 9 of the Dungeon.
You worshipped Okawaru.
Okawaru was greatly pleased with you.
You were not hungry.

You visited 1 branch of the dungeon, and saw 9 of its levels.
You also visited: Sewer.

You collected 621 gold pieces.

Inventory:

Hand Weapons
 a - a +3 long sword (weapon)
 d - a +4 quarterstaff of chaos
 P - a +0 scimitar
Missiles
 z - 17 tomahawks (quivered)
Armour
 b - a +0 scale mail
 c - a +0 shield (worn)
 i - a +0 pair of boots (worn)
 j - a +0 cloak (worn)
 q - a +0 pearl dragon armour (worn)
 O - a +0 pair of gloves (worn)
Jewellery
 y - a ring of poison resistance (left hand)
 B - a ring of stealth (right hand)
Wands
 I - a wand of polymorph (11/24)
 Q - a wand of acid (5/15)
Scrolls
 k - 4 scrolls of teleportation
 l - a scroll of identify
 n - 8 scrolls of remove curse
 u - a scroll of enchant armour
 w - a scroll of magic mapping
 x - 2 scrolls of fear
 C - a scroll of enchant weapon
 J - 2 scrolls of recharging
 N - a scroll of fog
Potions
 e - 3 potions of agility
 g - a potion of resistance {unknown}
 h - a potion of haste
 m - a potion of curing
 o - 2 potions of brilliance
 p - a potion of mutation
 r - 3 potions of magic
 A - 2 potions of lignification
 E - 4 potions of heal wounds
Books
 v - a book of Misfortune

   Spells                             Type                      Level
   a - Confusing Touch                Hexes                        2
   b - Confuse                        Hexes                        3
   c - Gell's Gravitas                Hexes/Translocation          3
   d - Petrify                        Transmutation/Earth          4
   e - Metabolic Englaciation         Hexes/Ice                    5
   f - Yara's Violent Unravelling     Hexes/Transmutation          5
 G - a book of Callings

   Spells                             Type                      Level
   a - Summon Small Mammal            Summoning                    1
   b - Call Imp                       Summoning                    2
   c - Call Canine Familiar           Summoning                    3
   d - Summon Guardian Golem          Hexes/Summoning              3
   e - Summon Lightning Spire         Summoning/Air                4
   f - Summon Ice Beast               Ice/Summoning                4
Comestibles
 f - 3 bread rations
 s - 3 royal jellies
 t - 2 beef jerkies
 K - a slice of pizza
 M - a meat ration


   Skills:
 - Level 3.0(8.0) Fighting
 * Level 13.9(18.9) Long Blades
 - Level 3.0(8.0) Armour
 - Level 3.0(8.0) Shields


You had 9 spell levels left.
You didn't know any spells.

Dungeon Overview and Level Annotations

Branches:
Dungeon (9/15)             Temple (0/1) D:6
   Lair: D:8-11         Orc: D:9-12

Altars:
Dithmenos
Elyvilon
Fedhas
Gozag
Kikubaaqudgha
Makhleb
Okawaru
Pakellas
Qazlal
Ru
Sif Muna
Trog
Vehumet
Xom
Zin

Annotations:
D:9 PossumBlood's ghost, novice MiFi


Message History

You block the ice beast's attack. The gnoll barely misses you.
PossumBlood's ghost hits you!
A phantom comes into view.
Your shield and pearl dragon armour prevent you from hitting the ice beast.
The ice beast is severely wounded.
The gnoll hits you from afar with a spear of venom.
You block the ice beast's attack. The gnoll hits you but does no damage.
PossumBlood's ghost hits you.
You slash the ice beast!
You kill the ice beast!
Okawaru accepts your kill. The gnoll hits you but does no damage.
You slash PossumBlood's ghost!
PossumBlood's ghost is lightly damaged.
PossumBlood's ghost hits you!
* * * LOW HITPOINT WARNING * * *
You block the gnoll's attack. The gnoll barely misses you.
You gain the combat prowess of a mighty hero.
You feel slightly more hungry. PossumBlood's ghost hits you!
You die...

#......###########
#...............##
#................
#........########
##.......## #### .
##.......## '...
...###........# #....
..............# #....
....$g†@..W...# #....
.....gW..#.....# ##..
........###.....# ##...
..§...... ........ .....
.≈≈≈....................
≈≈≈≈≈.?.................
.≈≈§...... .............
..§%§...... .... ......
......


You could see a phantom, PossumBlood's ghost and 2 gnolls.

Vanquished Creatures
  Pikel (D:8)
  Grinder (D:3)
  Grum (D:9)
  A wasp (D:9)
  A necrophage (D:8)
  An orc warrior (D:8)
  3 ice beasts
  A black bear (D:4)
  4 sky beasts
  An eye of draining (D:9)
  A phantom (D:7)
  2 wolves (D:9)
  3 ogres
  3 centaurs
  A crocodile (Sewer)
  2 giant frogs
  A howler monkey (D:4)
  A crimson imp (D:8)
  2 giant frog zombies
  A quasit (D:8)
  9 hounds
  2 orc priests
  Crazy Yiuf (D:2)
  2 orc wizards (D:5)
  Terence (D:2)
  2 iguanas
  7 worker ants
  A hound zombie (D:7)
  A hound skeleton (D:7)
  7 gnolls
  7 adders
  3 oozes
  An adder skeleton (D:4)
  2 worms
  A dart slug (D:2)
  7 giant geckos
  14 orcs
  10 giant cockroaches
  7 goblins
  10 hobgoblins
  9 jackals
  3 quokkas
  6 ball pythons
  14 bats
  7 giant newts
  20 kobolds
  9 rats
195 creatures vanquished.

Vanquished Creatures (others)
  A slave (D:8)
  2 worker ants (D:8)
  A giant cockroach (D:8)
4 creatures vanquished.

Grand Total: 199 creatures vanquished

Notes
Turn   | Place    | Note
--------------------------------------------------------------
     0 | D:1      | PossumBlood the Human Fighter began the quest for the Orb.
     0 | D:1      | Reached XP level 1. HP: 18/18 MP: 1/1
   106 | D:1      | Reached XP level 2. HP: 10/24 MP: 2/2
   394 | D:1      | Reached skill level 3 in Long Blades
   425 | D:1      | Reached XP level 3. HP: 27/29 MP: 3/3
   814 | D:2      | Reached XP level 4. HP: 35/35 MP: 4/4
   817 | D:2      | Reached skill level 4 in Long Blades
   936 | D:2      | Noticed Crazy Yiuf
   941 | D:2      | Killed Crazy Yiuf
  1049 | D:2      | Found an oddly glowing altar of Pakellas.
  1133 | D:2      | Found a deep blue altar of Sif Muna.
  1134 | D:2      | Found a glowing silver altar of Zin.
  1134 | D:2      | Found a bloodstained altar of Trog.
  1136 | D:2      | Found a burning altar of Makhleb.
  1136 | D:2      | Found a stormy altar of Qazlal.
  1138 | D:2      | Found an iron altar of Okawaru.
  1138 | D:2      | Found a radiant altar of Vehumet.
  1155 | D:2      | Found an ancient bone altar of Kikubaaqudgha.
  1163 | D:2      | Became a worshipper of Warmaster Okawaru
  1310 | D:2      | Reached XP level 5. HP: 39/41 MP: 5/5
  1357 | D:2      | Noticed Terence
  1371 | D:2      | Killed Terence
  1371 | D:2      | Reached skill level 5 in Long Blades
  1694 | D:3      | Found a glowing drain.
  1730 | Sewer    | Entered a sewer
  1756 | Sewer    | Noticed a crocodile
  1780 | Sewer    | Killed a crocodile
  1780 | Sewer    | Reached skill level 6 in Long Blades
  1780 | Sewer    | Reached XP level 6. HP: 10/47 MP: 6/6
  2115 | D:3      | Reached * piety under Okawaru
  2272 | D:3      | Noticed Grinder
  2300 | D:3      | Paralysed by Grinder for 5 turns
  2309 | D:3      | Killed Grinder
  2309 | D:3      | Reached skill level 7 in Long Blades
  2309 | D:3      | Reached XP level 7. HP: 29/52 MP: 7/7
  2943 | D:4      | Reached ** piety under Okawaru
  2943 | D:4      | Reached skill level 8 in Long Blades
  3123 | D:4      | Reached XP level 8. HP: 54/58 MP: 8/8
  3628 | D:4      | Reached skill level 9 in Long Blades
  3698 | D:5      | Entered Level 5 of the Dungeon
  3827 | D:5      | Found a shadowy altar of Dithmenos.
  3867 | D:5      | Found a blossoming altar of Fedhas.
  4002 | D:5      | Reached skill level 10 in Long Blades
  4163 | D:5      | Found a sacrificial altar of Ru.
  4580 | D:6      | Found a staircase to the Ecumenical Temple.
  4600 | D:6      | Reached *** piety under Okawaru
  4608 | D:6      | Reached XP level 9. HP: 44/63 MP: 9/9
  5239 | D:7      | Reached skill level 11 in Long Blades
  5433 | D:7      | Found a shimmering altar of Xom.
  5442 | D:7      | Found a white marble altar of Elyvilon.
  5510 | D:7      | Found an opulent altar of Gozag.
  5955 | D:7      | Reached skill level 12 in Long Blades
  6137 | D:8      | Reached **** piety under Okawaru
  6517 | D:8      | Noticed Pikel
  6553 | D:8      | Killed Pikel
  6553 | D:8      | Reached skill level 13 in Long Blades
  6553 | D:8      | Reached XP level 10. HP: 15/70 MP: 10/10
  6845 | D:8      | Found a sand-covered staircase.
  7274 | D:9      | Noticed Grum
  7290 | D:9      | Killed Grum
  7762 | D:9      | Noticed PossumBlood's ghost (novice MiFi)
  7776 | D:9      | Slain by PossumBlood's ghost

Skill      XL: |  1  2  3  4  5  6  7  8  9 |
---------------+----------------------------+-----
Long Blades    | 3 4 6 7 8 10 13 | 13.9
Fighting       | |  3.0
Armour         | |  3.0
Shields        | |  3.0

Action                   |  1- 3 |  4- 6 |  7- 9 | 10-12 || total
-------------------------+-------+-------+-------+-------++-------
Melee: Long sword        |    97 |   184 |   531 |   114 ||   926
Invok: Heroism           |       |       |       |     3 ||     3
  Use: Potion            |       |     1 |       |     6 ||     7
       Scroll            |       |     6 |     3 |    10 ||    19
 Stab: Paralysed         |       |       |     1 |       ||     1
  Eat: Bread ration      |       |     1 |     2 |     1 ||     4
       Meat ration       |       |       |     1 |       ||     1
       Royal jelly       |       |       |     1 |       ||     1
       Beef jerky        |       |       |       |     1 ||     1
Armor: Scale mail        |    56 |    66 |       |       ||   122
       Pearl dragon armo |       |    37 |   251 |    80 ||   368
Dodge: Dodged            |    32 |    59 |   108 |    61 ||   260
Block: Shield            |    52 |   109 |   223 |    92 ||   476
